 Dungeon Crawl Stone Soup version 0.31.0-11-ge490571c62 (webtiles) character file.

Game seed: 15799700165103106201

126 browni3141 the Trooper (level 4, -2/41 HPs)
             Began as a Minotaur Fighter on Jan 29, 2024.
             Slain by a gnoll
             ... wielding a +0 halberd
              (4 damage)
             ... on level 2 of the Dungeon.
             The game lasted 00:00:34 (1172 turns).

browni3141 the Trooper (Minotaur Fighter)           Turns: 1172, Time: 00:00:34

Health: -2/41      AC:  7    Str: 23    XL:     4   Next: 83%
Magic:  3/3        EV:  9    Int:  5    God:
Gold:   97         SH:  4    Dex:  9    Spells: 3/3 levels left

rFire   + . .        a - +0 war axe
rCold   . . .        c - +0 buckler
rNeg    . . .        b - +0 scale mail
rPois   .            (helmet restricted)
rElec   .            (no cloak)
rCorr   .            (no gloves)
SInv    .            (no boots)
Will    .....        g - amulet of regeneration Stlth
                     h - ring of protection from fire
HPRegen 1.06/turn    (no ring)
MPRegen 0.08/turn

%: no passive effects
@: no status effects
A: horns 2, retaliatory headbutt
a: no special abilities


You were on level 2 of the Dungeon.
You visited 1 branch of the dungeon, and saw 2 of its levels.

You collected 97 gold pieces.

Inventory:

Hand Weapons
 a - a +0 war axe (weapon)
Armour
 b - a +0 scale mail (worn)
 c - a +0 buckler (worn)
Jewellery
 g - an amulet of regeneration (around neck)
 h - a ring of protection from fire (left hand)
Scrolls
 e - 2 scrolls of amnesia {unknown}
 f - a scroll of blinking {unknown}
 i - a scroll of enchant armour {unknown}
 j - a scroll of brand weapon {unknown}
 k - 2 scrolls of vulnerability {unknown}
 m - a scroll of identify {unknown}
 n - a scroll of summoning {unknown}
Potions
 d - a potion of might
 l - a potion of degeneration {unknown}


   Skills:
 + Level 4.5 Fighting
 * Level 4.3 Axes
 + Level 4.4 Armour
 + Level 4.3 Shields


You had 3 spell levels left.
You didn't know any spells.
Your spell library contained the following spells:

 Spells                   Type           Power      Damage    Failure   Level
 Inner Flame              Hex/Fire       0%         N/A       99%         3
 Flame Wave               Conj/Fire      0%         2d4       100%        4
 Sticky Flame             Fire/Alch      0%         2d4       100%        4


Dungeon Overview and Level Annotations

Branches:
Dungeon (2/15)

Altars:
Hepliaklqana

Shops:
D:2 (


Innate Abilities, Weirdness & Mutations

You have a pair of horns on your head.
You reflexively headbutt those who attack you in melee.


Message History

You block the hobgoblin's attack. You block the hobgoblin's attack.
You block the hobgoblin's attack.
You barely miss the hobgoblin. You block the hobgoblin's attack.
You hit the hobgoblin.
The hobgoblin is almost dead.
You block the hobgoblin's attack.
A hobgoblin is nearby!
The hobgoblin barely misses you. The hobgoblin barely misses you.
Unknown command.
You slash the hobgoblin!
You kill the hobgoblin!
No target in view!
A gnoll comes into view. It is wielding a +0 club.
The gnoll shouts!
You hear a shout!
Unknown command.
A dart slug comes into view.
A gnoll comes into view. It is wielding a +0 halberd.
The gnoll shouts!
You hear a shout!
The gnoll moves out of view.
There are monsters nearby!
Unknown command.
A gnoll comes into view.
It is wielding a +0 spear and quivering a throwing net.
The gnoll shouts!
A ball python comes into view.
A gnoll comes into view. It is wielding a +0 flail.
The ball python hisses angrily.
You closely miss the gnoll. Your headbutt misses the gnoll.
The dart slug launches a dart at you. The slug dart hits you.
The gnoll hits you with a +0 club.
There are monsters nearby!
You slash the gnoll!
The gnoll is severely wounded.
The gnoll hits you but does no damage.
A jelly comes into view.
The gnoll hits you but does no damage.
The jelly moves out of view.
The gnoll hits you with a +0 club. You block the dart slug's attack.
You slash the gnoll!
You kill the gnoll!
You hit the dart slug. You slash the ball python!
You kill the ball python!
Unknown command.
The dart slug attacks as it pursues you!
The dart slug barely misses you.
There are monsters nearby!
You block the dart slug's attack.
You hit the dart slug but do no damage. You headbutt the dart slug.
The dart slug is heavily wounded.
The gnoll barely misses you. The dart slug launches a dart at you.
The slug dart hits you but does no damage.
The gnoll barely misses you. The dart slug launches a dart at you.
The slug dart misses you.
You hit the dart slug. You headbutt the dart slug.
You kill the dart slug!
You hit the gnoll but do no damage. You hit the gnoll.
The gnoll hits you with a +0 flail. The gnoll barely misses you.
You block the gnoll's attack.
Your Axes skill increases to level 4!
The gnoll misses you. The gnoll attacks as it pursues you!
The gnoll barely misses you.
Unknown command.
There are monsters nearby!
You slash the gnoll!
You kill the gnoll!
The gnoll hits you from afar with a +0 halberd!
The gnoll closely misses you.
The gnoll hits you from afar with a +0 spear.
The gnoll closely misses you.
The gnoll hits you from afar with a +0 halberd!
The gnoll barely misses you. The gnoll completely misses you.
The jelly hits you but does no damage.
The gnoll hits you from afar with a +0 spear.
Unknown command.
There are monsters nearby!
You hit the jelly.
Your hands burn!
The jelly is moderately wounded.
The gnoll closely misses you. You block the gnoll's attack.
The jelly barely misses you.
The gnoll hits you from afar with a +0 halberd!
The gnoll throws a throwing net.
The throwing net closely misses you. You block the jelly's attack.
You see here a throwing net.
You hit the jelly.
Your hands burn!
The jelly is heavily wounded.
The gnoll misses you. The gnoll hits you but does no damage.
The jelly barely misses you. The gnoll barely misses you.
The gnoll hits you but does no damage. The jelly barely misses you.
You furiously retaliate!
You headbutt the jelly!
You kill the jelly!
You block the gnoll's attack. The gnoll misses you.
You see here a throwing net.
The gnoll hits you but does no damage.
The gnoll hits you from afar with a +0 halberd!
There are monsters nearby!
Unknown command.
The gnoll hits you from afar with a +0 halberd.
You die...

#.# #.# #.# #.#
############.# #
##)...........######
...###.†.#######......†..
....[.g).........########
##.###g.@######### ##.##
#.# #.# #.# ..# ###


You could see 2 gnolls.

Vanquished Creatures
  A jelly (D:2)
  2 gnolls (D:2)
  An adder (D:2)
  4 dart slugs
  2 ribbon worms (D:2)
  2 endoplasms (D:1)
  2 giant cockroaches (D:1)
  6 goblins
  4 hobgoblins
  3 jackals (D:1)
  10 kobolds
  2 quokkas
  4 ball pythons
  5 bats
  3 frilled lizards (D:1)
  3 rats
54 creatures vanquished.

Notes
Turn   | Place    | Note
-------+----------+-------------------------------------------
     0 | D:1      | browni3141 the Minotaur Fighter began the quest for the
                  | Orb.
     0 | D:1      | Reached XP level 1. HP: 19/19 MP: 0/0
   118 | D:1      | Reached XP level 2. HP: 26/27 MP: 1/1
   445 | D:1      | Reached XP level 3. HP: 33/33 MP: 2/2
   458 | D:1      | Found a faded altar of an unknown god.
   756 | D:2      | Found Kuisihies's Antique Weapon Boutique.
   809 | D:2      | Found a hazy altar of Hepliaklqana.
  1106 | D:2      | Reached XP level 4. HP: 40/40 MP: 3/3
  1171 | D:2      | HP: 1/41 [gnoll/+0 halberd (7)]
  1172 | D:2      | Slain by a gnoll

Illustrated notes

Levels and vault maps discovered:
D:1:      ebering_trefoil_twist, layout_basic,
          ebering_ecumenical_altar_abandoned
D:2:      layout_loops_ring, basic_altar, serial_shops, nicolae_shop_crystal

Skill      XL: |  1  2  3  4 |
---------------+-------------+-----
Axes           | 3 4 |  4.3
Fighting       | 4 |  4.5
Shields        | 4 |  4.3
Armour         | 4 |  4.4

Action                     |  1- 3 |  4- 6 || total
---------------------------+-------+-------++-------
  Melee: War axe           |    76 |    14 ||    90
         Headbutt          |    12 |     2 ||    14
 Armour: Scale mail        |    60 |    22 ||    82
  Dodge: Dodged            |    40 |    22 ||    62
  Block: Buckler           |    17 |    11 ||    28
